AoeStats
← 闲置村民

Enclosed

504157246Analyzed
1v1 RM · 2mo ago on Sep 4, 2026· 37m 18s· 2 players
Game mode
Random Map
Map size
Tiny (2 player)
Population
200
Speed
Normal
Resources
Standard
Victory
Conquest
Starting age
Dark Age
Ending age
Imperial Age
RankedLock teamsTeams togetherTeam positionsShared explorationLock speedFull tech treeHidden civsTurbo modeCheats
Victory
Defeat
🇨🇳 Ethiopians · China
1161
+17
vs
🇭🇰 Vietnamese · Hong Kong SAR China
1186
-17
闲置村民
6:28 Loom
9:51 Feudal Age
10:30 Double-Bit Axe
12:29 Horse Collar
13:29 Horse Collar
14:45 Fletching
19:19 Castle Age
18:41 Gold Mining
19:28 Crossbowman
20:13 Thumb Ring
22:13 Wheelbarrow
22:29 Bow Saw
29:56 Heavy Plow
31:32 Hand Cart
31:56 Ballistics
35:36 Imperial Age
33:35 Husbandry
34:30 Bodkin Arrow
34:36 Padded Archer Armor
36:42 Bracer
36:58 Leather Archer Armor
36:05 Arbalester
38:46 Chemistry
FOPT_Absinthe
9:42 Feudal Age
9:10 Loom
14:41 Castle Age
13:14 Double-Bit Axe
17:40 Scale Mail Armor
19:00 Arson
22:38 Wheelbarrow
22:34 Horse Collar
23:22 Forging
28:32 Gold Mining
28:55 Stone Mining
30:05 Hand Cart
35:43 Iron Casting
36:15 Fletching
39:43 Imperial Age
Connection lost

Rejoining the realm…

Still unreachable

The connection could not be restored.

Session expired

The server has moved on; the page needs a fresh start.